NWL (28 & UNDER)
MENLO MANIACS @ BISMARK BORDER GUARDS
06/16/2024
 
TOP OF THE 1ST
Menlo Maniacs batting - Pitching for Bismark Border Guards : RHP Jae-hyun Ch'oe
Pitching: RHP Jae-hyun Ch'oe
Batting: LHB Arthur Hall 0-0: Called Strike
0-1: Ball
1-1: Ball
2-1: SINGLE (Flyball, 89S)
Batting: LHB Paul Alexander 0-0: Ball
1-0: Called Strike
1-1: Ball
2-1: Foul Ball, location: 2F
2-2: Fly out, F8 (Flyball, 8RM)
Batting: LHB Warren Potter 0-0: Called Strike
0-1: Called Strike
0-2: Foul Ball, location: 2F
0-2: Strikes out looking
Batting: LHB Roger Moore 0-0: Ball
1-0: Called Strike
1-1: Fly out, F8 (Flyball, 8RS)
Top of the 1st over - 0 run(s), 1 hit(s), 0 error(s), 1 left on base; Menlo 0 - Bismark 0
BOTTOM OF THE 1ST
Bismark Border Guards batting - Pitching for Menlo Maniacs : RHP Thatcher Smith
Pitching: RHP Thatcher Smith
Batting: RHB Chris Parker 0-0: Ground out 4-3 (Groundball, 4)
Batting: RHB José Cintrón 0-0: Ball
1-0: Swinging Strike
1-1: Swinging Strike
1-2: Strikes out swinging
Batting: LHB Jim Jensen 0-0: Ball
1-0: Ball
2-0: Ball
3-0: Base on Balls
Batting: LHB Nelson Peña 0-0: Ball
1-0: Swinging Strike
1-1: Ball
2-1: Swinging Strike
2-2: Ball
3-2: Strikes out looking
Bottom of the 1st over - 0 run(s), 0 hit(s), 0 error(s), 1 left on base; Menlo 0 - Bismark 0
TOP OF THE 2ND
Menlo Maniacs batting - Pitching for Bismark Border Guards : RHP Jae-hyun Ch'oe
Batting: RHB Lonnie Anderson 0-0: Ball
1-0: Ball
2-0: Swinging Strike
2-1: Ball
3-1: Called Strike
3-2: Foul Ball, location: 2F
3-2: Foul Ball, location: 2F
3-2: Strikes out swinging
Batting: RHB Steve Sampson 0-0: Foul Ball, location: 2F
0-1: Ball
1-1: Swinging Strike
1-2: Fly out, F8 (Flyball, 8RXD)
Batting: RHB Jesús Cuevas 0-0: Ball
1-0: Foul Ball, location: 2F
1-1: Fly out, F9 (Flyball, 9M)
Top of the 2nd over - 0 run(s), 0 hit(s), 0 error(s), 0 left on base; Menlo 0 - Bismark 0
BOTTOM OF THE 2ND
Bismark Border Guards batting - Pitching for Menlo Maniacs : RHP Thatcher Smith
Batting: LHB Norbert Mosley 0-0: Called Strike
0-1: Foul Ball, location: 2F
0-2: Ball
1-2: Ball
2-2: Foul Ball, location: 2F
2-2: Ball
3-2: Base on Balls
Batting: LHB Rusty Herbert 0-0: Foul Ball, location: 2F
0-1: Called Strike
0-2: Strikes out swinging
Batting: RHB Enrique Mendoza 0-0: Called Strike
0-1: Ball
1-1: Ball
2-1: Ball
3-1: Base on Balls
Norbert Mosley to second
Batting: LHB Júlio Colón 0-0: Called Strike
Norbert Mosley steals 3rd base
Enrique Mendoza to second
0-1: Swinging Strike
0-2: Ball
1-2: Ball
2-2: Foul Ball, location: 2F
2-2: Foul Ball, location: 2F
2-2: Ball
3-2: Base on Balls
Batting: RHB Aaron Holt 0-0: Fielders Choice at 2nd, 6-4 (Groundball, 6)
Norbert Mosley scores
Enrique Mendoza to third
Batting: RHB Chris Parker 0-0: Ball
1-0: Foul Ball, location: 2F
1-1: Ball
2-1: Ball
3-1: Base on Balls
Aaron Holt to second
Batting: RHB José Cintrón 0-0: Ball
1-0: Ball
Passed Ball!
Enrique Mendoza scores
Aaron Holt to third
Chris Parker to second
2-0: Ground out 5-3 (Groundball, 5S)
Bottom of the 2nd over - 2 run(s), 0 hit(s), 0 error(s), 2 left on base; Menlo 0 - Bismark 2
TOP OF THE 3RD
Menlo Maniacs batting - Pitching for Bismark Border Guards : RHP Jae-hyun Ch'oe
Batting: RHB Ernest Russell 0-0: Ball
1-0: Ball
2-0: Called Strike
2-1: Foul Ball, location: 2F
2-2: Foul Ball, location: 2F
2-2: Ground out 4-3 (Groundball, 4)
Batting: SHB António Trinidad 0-0: Ball
1-0: Ground out 4-3 (Groundball, 4)
Batting: LHB Arthur Hall 0-0: Ground out 6-3 (Groundball, 6)
Top of the 3rd over - 0 run(s), 0 hit(s), 0 error(s), 0 left on base; Menlo 0 - Bismark 2
BOTTOM OF THE 3RD
Bismark Border Guards batting - Pitching for Menlo Maniacs : RHP Thatcher Smith
Batting: LHB Jim Jensen 0-0: SINGLE (Line Drive, 9S)
Batting: LHB Nelson Peña 0-0: Ball
Wild Pitch!
Jim Jensen to second
1-0: Ball
2-0: Ball
3-0: Base on Balls
Batting: LHB Norbert Mosley 0-0: Ball
1-0: SINGLE (Groundball, 56D)
Jim Jensen to third
Nelson Peña to second
Batting: LHB Rusty Herbert 0-0: Ball
1-0: Ball
2-0: Ball
3-0: Base on Balls
Jim Jensen scores
Nelson Peña to third
Norbert Mosley to second
Batting: RHB Enrique Mendoza 0-0: SINGLE (Groundball, 56D) (infield hit)
Nelson Peña scores
Norbert Mosley to third
Rusty Herbert to second
Batting: LHB Júlio Colón 0-0: Swinging Strike
0-1: Foul Ball, location: 2F
0-2: Ball
1-2: Strikes out swinging
Batting: RHB Aaron Holt 0-0: Called Strike
0-1: SINGLE (Line Drive, 4MD)
Norbert Mosley scores
Rusty Herbert to third
Enrique Mendoza to second
Batting: RHB Chris Parker 0-0: Ball
1-0: Ground out 5-3 (Groundball, 5S)
Rusty Herbert scores
Enrique Mendoza to third
Aaron Holt to second
Batting: RHB José Cintrón 0-0: Ball
1-0: 3-RUN HOME RUN (Flyball, 89XD), Distance : 409 ft
Batting: LHB Jim Jensen 0-0: Ground out 4-3 (Groundball, 34)
Bottom of the 3rd over - 7 run(s), 5 hit(s), 0 error(s), 0 left on base; Menlo 0 - Bismark 9
TOP OF THE 4TH
Menlo Maniacs batting - Pitching for Bismark Border Guards : RHP Jae-hyun Ch'oe
Batting: LHB Paul Alexander 0-0: Fly out, F7 (Flyball, 7LM)
Batting: LHB Warren Potter 0-0: DOUBLE (Flyball, 8LXD)
Batting: LHB Roger Moore 0-0: Swinging Strike
0-1: Ball
1-1: Foul Ball, location: 2F
1-2: Foul Ball, location: 2F
1-2: Ball
2-2: Foul Ball, location: 2F
2-2: Strikes out swinging
Batting: RHB Lonnie Anderson 0-0: Ball
1-0: Called Strike
1-1: Foul Ball, location: 2F
1-2: Ball
2-2: Fly out, F9 (Flyball, 89M)
Top of the 4th over - 0 run(s), 1 hit(s), 0 error(s), 1 left on base; Menlo 0 - Bismark 9
BOTTOM OF THE 4TH
Bismark Border Guards batting - Pitching for Menlo Maniacs : RHP Thatcher Smith
Pitching: RHP Ron Russell
Batting: LHB Nelson Peña 0-0: Ball
1-0: Ball
2-0: SOLO HOME RUN (Flyball, 9D), Distance : 362 ft
Batting: LHB Norbert Mosley 0-0: Called Strike
0-1: Called Strike
0-2: Fly out, F9 (Popup, 8RS)
Batting: LHB Rusty Herbert 0-0: SINGLE (Groundball, 5S) (infield hit)
Batting: RHB Enrique Mendoza 0-0: Ball
1-0: Ball
2-0: Foul Ball, location: 2F
2-1: Grounds into double play, 5-4-3 (Groundball, 56)
Bottom of the 4th over - 1 run(s), 2 hit(s), 0 error(s), 0 left on base; Menlo 0 - Bismark 10
TOP OF THE 5TH
Menlo Maniacs batting - Pitching for Bismark Border Guards : RHP Jae-hyun Ch'oe
Batting: RHB Steve Sampson 0-0: Called Strike
0-1: Ball
1-1: Ball
2-1: Called Strike
2-2: Ball
3-2: Foul Ball, location: 2F
3-2: Ground out 6-3 (Groundball, 6M)
Batting: RHB Jesús Cuevas 0-0: Ground out 6-3 (Groundball, 6M)
Batting: RHB Ernest Russell 0-0: Ground out 1-3 (Groundball, 13)
Top of the 5th over - 0 run(s), 0 hit(s), 0 error(s), 0 left on base; Menlo 0 - Bismark 10
BOTTOM OF THE 5TH
Bismark Border Guards batting - Pitching for Menlo Maniacs : RHP Ron Russell
Batting: LHB Júlio Colón 0-0: Called Strike
0-1: Fly out, F9 (Line Drive, 89M)
Batting: RHB Aaron Holt 0-0: Ball
1-0: Ground out 4-3 (Groundball, 4)
Batting: RHB Chris Parker 0-0: Ball
1-0: Foul Ball, location: 2F
1-1: SINGLE (Groundball, 34D)
Batting: RHB José Cintrón 0-0: Ball
1-0: Ball
2-0: SINGLE (Line Drive, 6D)
Chris Parker to second
Batting: LHB Jim Jensen 0-0: Ball
1-0: Ball
2-0: Foul Ball, location: 2F
2-1: Foul Ball, location: 2F
2-2: Ball
3-2: SINGLE (Line Drive, 34D)
Chris Parker to third
José Cintrón to second
Chris Parker scores
José Cintrón to third
Batting: LHB Nelson Peña 0-0: Foul Ball, location: 2F
0-1: 3-RUN HOME RUN (Flyball, 8LD), Distance : 425 ft
Batting: LHB Norbert Mosley 0-0: Ball
1-0: Ball
2-0: Called Strike
2-1: Called Strike
2-2: Ball
3-2: Foul Ball, location: 2F
3-2: SINGLE (Flyball, 7S)
Pitching: LHP José Acosta
Batting: LHB Rusty Herbert 0-0: Ball
1-0: Ball
2-0: Called Strike
2-1: Foul Ball, location: 2F
2-2: Foul Ball, location: 2F
2-2: Strikes out swinging
Bottom of the 5th over - 4 run(s), 5 hit(s), 0 error(s), 1 left on base; Menlo 0 - Bismark 14
TOP OF THE 6TH
Menlo Maniacs batting - Pitching for Bismark Border Guards : RHP Jae-hyun Ch'oe
Batting: SHB António Trinidad 0-0: Ball
1-0: Ball
2-0: Ball
3-0: Base on Balls
Batting: LHB Arthur Hall 0-0: Ball
1-0: Ball
2-0: Fielders Choice at 2nd, 3-6 (Groundball, 3)
Batting: LHB Paul Alexander 0-0: Swinging Strike
0-1: Ball
1-1: Foul Ball, location: 2F
1-2: Ball
2-2: Foul Ball, location: 2F
2-2: Foul Ball, location: 2F
2-2: Foul Ball, location: 2F
2-2: Foul Ball, location: 2F
2-2: Ball
3-2: Foul Ball, location: 2F
3-2: SINGLE (Line Drive, 4D)
Arthur Hall to second
Arthur Hall to third
Batting: LHB Warren Potter 0-0: Called Strike
0-1: Fly out, F4 (Popup, 34D)
Batting: LHB Roger Moore 0-0: SINGLE (Line Drive, 4D)
Arthur Hall scores
Paul Alexander to second
Runner from 2nd tries for 3rd, SAFE, throw made to third
Batting: RHB Lonnie Anderson 0-0: Hit by Pitch
Roger Moore to second
Batting: RHB Steve Sampson 0-0: Called Strike
0-1: Ball
1-1: Foul Ball, location: 2F
1-2: Ball
2-2: SINGLE (Line Drive, 7LM)
Paul Alexander scores
Roger Moore to third
Lonnie Anderson to second
Runner from 3rd tries for Home, SAFE, throw made at trailing runner, SAFE at third!
Batting: RHB Jesús Cuevas 0-0: Called Strike
0-1: Foul Ball, location: 2F
0-2: Strikes out swinging
Top of the 6th over - 3 run(s), 3 hit(s), 0 error(s), 2 left on base; Menlo 3 - Bismark 14
BOTTOM OF THE 6TH
Bismark Border Guards batting - Pitching for Menlo Maniacs : LHP José Acosta
Batting: RHB Enrique Mendoza 0-0: Ball
1-0: Foul Ball, location: 2F
1-1: SINGLE (Groundball, 56D)
Batting: LHB Júlio Colón 0-0: Called Strike
0-1: Ball
1-1: Ball
2-1: Swinging Strike
2-2: Foul Ball, location: 2F
2-2: Ball
Enrique Mendoza steals 2nd base
3-2: Foul Ball, location: 2F
3-2: Foul Ball, location: 2F
3-2: Base on Balls
Batting: RHB Aaron Holt 0-0: Called Strike
0-1: Ball
1-1: Foul Ball, location: 2F
1-2: Strikes out swinging
Batting: RHB Chris Parker 0-0: Called Strike
0-1: Ball
1-1: Swinging Strike
1-2: Strikes out looking
Batting: RHB José Cintrón 0-0: Foul Ball, location: 2F
0-1: Foul Ball, location: 2F
0-2: Foul Ball, location: 2F
0-2: Ball
1-2: Strikes out swinging
Bottom of the 6th over - 0 run(s), 1 hit(s), 0 error(s), 2 left on base; Menlo 3 - Bismark 14
TOP OF THE 7TH
Menlo Maniacs batting - Pitching for Bismark Border Guards : RHP Jae-hyun Ch'oe
Pinch Hitting: LHB Oliver Frías 0-0: Ball
1-0: Fly out, F8 (Flyball, 8RD)
Pitching: LHP Tim Billings
Batting: SHB António Trinidad 0-0: Called Strike
0-1: DOUBLE (Line Drive, 7LM)
Batting: LHB Arthur Hall 0-0: Ball
1-0: Ground out 1-3 (Groundball, 13S)
António Trinidad to third
Batting: LHB Paul Alexander 0-0: Ball
1-0: Swinging Strike
1-1: Called Strike
1-2: Ball
2-2: Strikes out looking
Top of the 7th over - 0 run(s), 1 hit(s), 0 error(s), 1 left on base; Menlo 3 - Bismark 14
BOTTOM OF THE 7TH
Bismark Border Guards batting - Pitching for Menlo Maniacs : LHP José Acosta
Now at 2B: Carlos Gonzáles
Batting: LHB Jim Jensen 0-0: Ball
1-0: Foul Ball, location: 2F
1-1: Ball
2-1: Called Strike
2-2: Foul Ball, location: 2F
2-2: Ball
3-2: Ground out 4-3 (Groundball, 4M)
Batting: LHB Nelson Peña 0-0: Ball
1-0: SOLO HOME RUN (Flyball, 9D), Distance : 377 ft
Pitching: RHP Steve Standard
Batting: LHB Norbert Mosley 0-0: Ball
1-0: Ball
2-0: Foul Ball, location: 2F
2-1: Swinging Strike
2-2: Fly out, F9 (Flyball, 9LM)
Batting: LHB Rusty Herbert 0-0: Fly out, F7 (Flyball, 78XD)
Bottom of the 7th over - 1 run(s), 1 hit(s), 0 error(s), 0 left on base; Menlo 3 - Bismark 15
TOP OF THE 8TH
Menlo Maniacs batting - Pitching for Bismark Border Guards : LHP Tim Billings
Batting: LHB Warren Potter 0-0: Ball
1-0: Ball
2-0: Called Strike
2-1: Ball
3-1: Base on Balls
Batting: LHB Roger Moore 0-0: Ball
1-0: Ball
2-0: Ball
3-0: Called Strike
3-1: Grounds into double play, 4-6-3 (Groundball, 4)
Batting: RHB Lonnie Anderson 0-0: Ball
1-0: Ball
2-0: Ball
3-0: Base on Balls
Batting: RHB Steve Sampson 0-0: Ball
1-0: Ball
2-0: Ball
3-0: Called Strike
3-1: Foul Ball, location: 2F
3-2: Fly out, F8 (Popup, 8LS)
Top of the 8th over - 0 run(s), 0 hit(s), 0 error(s), 1 left on base; Menlo 3 - Bismark 15
BOTTOM OF THE 8TH
Bismark Border Guards batting - Pitching for Menlo Maniacs : RHP Steve Standard
Batting: RHB Enrique Mendoza 0-0: Called Strike
0-1: Ball
1-1: Swinging Strike
1-2: Foul Ball, location: 2F
1-2: Ground out 4-3 (Groundball, 4M)
Batting: LHB Júlio Colón 0-0: Ball
1-0: Ball
2-0: Ball
3-0: Called Strike
3-1: Base on Balls
Batting: RHB Aaron Holt 0-0: Foul Ball, location: 2F
0-1: Ball
1-1: Called Strike
1-2: Ball
2-2: Fly out, F6 (Popup, 6)
Batting: RHB Chris Parker 0-0: Ball
1-0: Swinging Strike
1-1: Ball
2-1: Ground out 1-3 (Groundball, 23)
Bottom of the 8th over - 0 run(s), 0 hit(s), 0 error(s), 1 left on base; Menlo 3 - Bismark 15
TOP OF THE 9TH
Menlo Maniacs batting - Pitching for Bismark Border Guards : LHP Tim Billings
Now at C: Alejandro Ramos
Batting: RHB Jesús Cuevas 0-0: Ground out 4-3 (Groundball, 4)
Batting: RHB Carlos Gonzáles 0-0: Ball
1-0: Fly out, F8 (Flyball, 8RM)
Batting: SHB António Trinidad 0-0: Ball
1-0: Ball
2-0: Foul Ball, location: 2F
2-1: Ball
3-1: Base on Balls
Batting: LHB Arthur Hall 0-0: Ball
1-0: Foul Ball, location: 2F
1-1: Ball
2-1: SINGLE (Line Drive, 78M)
António Trinidad to second
Batting: LHB Paul Alexander 0-0: Ball
1-0: Ball
2-0: Swinging Strike
2-1: Swinging Strike
2-2: Foul Ball, location: 2F
2-2: Strikes out swinging
Top of the 9th over - 0 run(s), 1 hit(s), 0 error(s), 2 left on base; Menlo 3 - Bismark 15
This league is powered by Out of the Park Baseball, the baseball management simulation game for PC, Mac and Linux
Saturday, April 9th, 2016 - OOTP Baseball 16.8 Build 38